 Dungeon Crawl Stone Soup version 0.30-a0-622-gddc90eaa04 (webtiles) character file.

Game seed: 5600719510900036314

62 Leeroy the Sneak (level 4, -2/24 HPs)
             Began as a Kobold Enchanter on Jan 10, 2023.
             Slain by Crazy Yiuf
             ... wielding a +4 quarterstaff of chaos
              (4 damage)
             ... on level 2 of the Dungeon.
             The game lasted 00:01:31 (1246 turns).

Leeroy the Sneak (Kobold Enchanter)                 Turns: 1246, Time: 00:01:31

Health: -2/24      AC:  8    Str:  5    XL:     4   Next: 28%
Magic:  7/7        EV: 15    Int: 16    God:
Gold:   76         SH:  0    Dex: 17    Spells: 7/7 levels left

rFire   . . .      SeeInvis .    a - +1 dagger
rCold   . . .      Faith    .    (no shield)
rNeg    . . .      Spirit   .    p - +2 robe of Activism {Regen+}
rPois   .          Reflect  .    (no helmet)
rElec   .          Harm     .    (no cloak)
rCorr   .          Rampage  .    (no gloves)
Will    .....                    (no boots)
Stlth   +++++                    (no amulet)
HPRegen 1.04/turn                l - +4 ring of protection
MPRegen 0.10/turn                (no ring)

@: mighty
A: small, no large weapons, nightstalker 3
a: no special abilities


You were on level 2 of the Dungeon.
You visited 1 branch of the dungeon, and saw 2 of its levels.

You collected 76 gold pieces.

Inventory:

Hand Weapons
 a - a +1 dagger (weapon)
 n - a +7 club
Missiles
 i - 11 poisoned darts (quivered)
Armour
 b - a +0 robe
 p - the +2 robe of Activism (worn) {Regen+}
   (You found it on level 2 of the Dungeon)

   Regen:     It increases your rate of health regeneration.
Magical Staves
 g - a staff of air
Jewellery
 l - a +4 ring of protection (left hand)
Scrolls
 d - 3 scrolls of identify {unknown}
 f - 2 scrolls of fear {unknown}
 h - a scroll of blinking {unknown}
Potions
 c - a potion of invisibility
 e - a potion of mutation {unknown}
 j - a potion of attraction {unknown}
 k - 2 potions of berserk rage {unknown}
 m - 2 potions of heal wounds {unknown}
 o - a potion of ambrosia {unknown}


   Skills:
 - Level 1.3 Short Blades
 - Level 2.4 Dodging
 + Level 6.8 Stealth
 - Level 2.1 Spellcasting
 - Level 3.0 Hexes


You had 7 spell levels left.
You didn't know any spells.
Your spell library contained the following spells:

 Spells                   Type           Power      Damage    Failure   Level
 Ensorcelled Hibernation  Hex/Ice        12%        N/A       17%         2
 Confusing Touch          Hex            11%        N/A       19%         3
 Tukima's Dance           Hex            11%        N/A       19%         3
 Dazzling Flash           Conj/Hex       12%        N/A       32%         3


Dungeon Overview and Level Annotations

Branches:
Dungeon (2/15)

Altars:

Annotations:
D:2 Crazy Yiuf


Innate Abilities, Weirdness & Mutations

You are small and have problems with some larger weapons.
You are completely attuned to the shadows.


Message History

You kill the ball python!
No target in view!
No target in view!
No target in view!
Found a hammer.
Found a hammer.
No target in view!
Found a hammer.
You see here a +0 hammer.
Found three hammers.
Found a runed translucent door.
You see here a +0 hammer.
Found two hammers.
You see here a +0 hammer.
Found two hammers.
You see here a +0 hammer.
Found four hammers.
You see here a +0 hammer.
You open the door.
There is an open translucent door here.
You see here a +0 hammer.
Crazy Yiuf shouts!
Crazy Yiuf laughs, "Sif Muna!"
Crazy Yiuf hits you with a +4 quarterstaff of chaos.
You feel very mighty all of a sudden.
You see here a +0 hammer.
You don't know any spells.
You hit Crazy Yiuf.
Crazy Yiuf is moderately wounded.
Crazy Yiuf yells, "Earwax!"
Crazy Yiuf completely misses you.
You hit Crazy Yiuf but do no damage.
Crazy Yiuf is moderately wounded.
Crazy Yiuf hits you with a +4 quarterstaff of chaos!
Ouch! That really hurt!
You hit Crazy Yiuf.
Crazy Yiuf is heavily wounded.
Crazy Yiuf hits you with a +4 quarterstaff of chaos!
* * * LOW HITPOINT WARNING * * *
Crazy Yiuf burns you.
You die...

##..# #..## #.##
#.# #.# ##.#
#..##♣♣ #####
#...#P♣♣ ♣♣#)))#
#......♣♣♣♣)')@g#
##...P.)♣))♣#)))#
##.#P)♣)♣♣♣#####
###♣♣♣♣♣


You could see Crazy Yiuf.

Vanquished Creatures
  Jessica (D:2)
  An adder (D:2)
  A dart slug (D:1)
  2 endoplasms (D:1)
  A giant cockroach (D:1)
  3 goblins
  4 hobgoblins (D:1)
  A quokka (D:1)
  2 ball pythons (D:2)
  A bat (D:1)
  A frilled lizard (D:1)
  10 rats (D:1)
28 creatures vanquished.

Notes
Turn   | Place    | Note
-------+----------+-------------------------------------------
     0 | D:1      | Leeroy the Kobold Enchanter began the quest for the Orb.
     0 | D:1      | Reached XP level 1. HP: 10/10 MP: 3/3
   128 | D:1      | Reached XP level 2. HP: 15/15 MP: 5/5
   253 | D:1      | Reached skill level 5 in Stealth
   788 | D:1      | Reached XP level 3. HP: 19/19 MP: 6/6
   922 | D:2      | Noticed Jessica
   932 | D:2      | Killed Jessica
   933 | D:2      | Reached skill level 6 in Stealth
   933 | D:2      | Reached XP level 4. HP: 15/24 MP: 7/7
  1002 | D:2      | Identified the +2 robe of Activism {Regen+}
  1236 | D:2      | Found a runed translucent door.
  1239 | D:2      | Noticed Crazy Yiuf
  1246 | D:2      | Slain by Crazy Yiuf

Illustrated notes

Levels and vault maps discovered:
D:1:      dpeg_arrival_orchard, layout_rooms, grunt_decor_arrowhead,
          minmay_rat_gold_closets
D:2:      layout_basic, basic_altar, uniq_crazy_yiuf_cottage, uniq_jessica

Skill      XL: |  1  2  3 |
---------------+----------+-----
Stealth        | 5 6 |  6.8
Short Blades   | |  1.3
Dodging        | |  2.4
Spellcasting   | |  2.1
Hexes          | |  3.0

Action                   |  1- 3 |  4- 6 || total
-------------------------+-------+-------++-------
Melee: Dagger            |    38 |    10 ||    48
       Punch             |     1 |       ||     1
  Use: Potion            |     1 |       ||     1
 Stab: Sleeping          |    18 |     3 ||    21
       Invisible         |     1 |     1 ||     2
Armor: Robe              |       |     1 ||     1
Dodge: Dodged            |    20 |     3 ||    23

Table legend: (Time is in decaauts)
 A = Elapsed time spent in this place.
 B = Non-inter-level travel time spent in this place.
 C = Inter-level travel time spent in this place.
 D = Time resting spent in this place.
 E = Time spent auto-exploring this place.
 F = Levels seen in this place.
 G = Mean time per level.
                   A        B        C        D        E       F      G
               +--------+--------+--------+--------+--------+-----+--------+
         Total |   1242 |   1201 |     41 |    200 |    807 |   2 |  621.0 |
       Dungeon |   1242 |   1201 |     41 |    200 |    807 |   2 |  621.0 |
               +--------+--------+--------+--------+--------+-----+--------+

Top non-repeatable levels by time:
     D:1: 901 daAuts
     D:2: 341 daAuts
